AoeStats
← DukeOfShadows

Hideout

510236456Analyzed
1v1 RM · 9h ago on Sep 30, 2026· 46m 31s· 2 players
Game mode
Random Map
Map size
Tiny (2 player)
Population
200
Speed
Normal
Resources
Standard
Victory
Conquest
Starting age
Dark Age
Ending age
Imperial Age
RankedLock teamsTeams togetherTeam positionsShared explorationLock speedFull tech treeHidden civsTurbo modeCheats
Victory
Defeat
🇺🇸 Danes · United States
1556
+16
🇺🇸 Varangians · United States
1549
-16
DukeOfShadows
10:27 Feudal Age
13:52 Castle Age
12:18 Double-Bit Axe
13:14 Horse Collar
13:33 Gold Mining
14:08 Loom
15:36 Scale Mail Armor
15:56 Bow Saw
17:03 Chain Mail Armor
19:27 Arson
27:52 Fletching
28:51 Wheelbarrow
28:36 Bodkin Arrow
29:40 Town Watch
30:26 Hand Cart
31:08 Padded Archer Armor
31:57 Bloodlines
31:47 Husbandry
33:14 Ballistics
38:18 Imperial Age
37:56 Scale Barding Armor
38:02 Forging
39:07 Chain Barding Armor
38:18 Light Cavalry
38:24 Cavalier
39:14 Bracer
40:22 Chemistry
43:45 Light Cavalry
46:01 Plate Barding Armor
SuchaN3rd
10:06 Feudal Age
13:55 Castle Age
11:57 Horse Collar
12:35 Double-Bit Axe
13:55 Man-at-Arms
14:59 Scale Mail Armor
17:38 Forging
16:56 Long Swordsman
18:42 Loom
20:06 Forging
24:12 Wheelbarrow
23:59 Fletching
24:30 Chain Mail Armor
25:49 Arson
28:22 Iron Casting
28:04 Bow Saw
28:46 Gold Mining
30:00 Gambesons
30:32 Stone Mining
31:54 Squires
36:20 Imperial Age
33:50 Fletching
34:07 Elite Skirmisher
34:45 Bodkin Arrow
35:41 Thumb Ring
36:42 Padded Archer Armor
38:09 Ballistics
37:15 Two-Handed Swordsman
38:32 Heavy Plow
38:11 Champion
38:54 Bracer
40:05 Plate Mail Armor
40:36 Blast Furnace
40:22 Pikeman
42:31 Gold Shaft Mining
42:11 Halberdier
43:57 Leather Archer Armor
44:54 Masonry
45:03 Siege Engineers
45:56 Hamask
Connection lost

Rejoining the realm…

Still unreachable

The connection could not be restored.

Session expired

The server has moved on; the page needs a fresh start.